 Dungeon Crawl Stone Soup version 0.19.5 (webtiles) character file.

756 KarvaRausku the Cleaver (level 7, -2/57 HPs)
             Began as a Minotaur Gladiator on Mar 5, 2017.
             Slain by Yarinad's ghost (17 damage)
             ... on level 5 of the Dungeon.
             The game lasted 00:07:13 (3219 turns).

KarvaRausku the Cleaver (Minotaur Gladiator)        Turns: 3219, Time: 00:07:13

Health: -2/57      AC:  6    Str: 21    XL:     7   Next: 50%
Magic:  6/6        EV: 11    Int:  5    God:
Gold:   228        SH:  0    Dex: 11    Spells: 0 memorised, 6 levels left

rFire  . . .     SeeInvis .     a - +0 war axe
rCold  . . .     Gourm    .     j - +0 scale mail
rNeg   . . .     Faith    .     (no shield)
rPois  .         Spirit   .     c - +0 hat
rElec  .         Reflect  .     (no cloak)
rCorr  .         Harm     .     (no gloves)
MR     .....                    (no boots)
Stlth  ..........               h - amulet of rage
                                (no ring)
                                (no ring)

@: no status effects
A: retaliatory headbutt, horns 2
a: Evoke Berserk Rage


You were on level 5 of the Dungeon.
You were hungry.

You visited 1 branch of the dungeon, and saw 5 of its levels.

You collected 228 gold pieces.

Inventory:

Hand Weapons
 a - a +0 war axe (weapon)
Missiles
 d - 3 throwing nets (quivered)
Armour
 b - a +0 leather armour
 c - a +0 hat (worn)
 j - a +0 scale mail (worn)
Jewellery
 h - an amulet of rage (around neck)
Scrolls
 e - a scroll of remove curse {unknown}
 g - 4 scrolls of magic mapping {unknown}
 i - 7 scrolls of identify {unknown}
 k - a scroll of enchant weapon {unknown}
 l - 4 scrolls of recharging {unknown}
 m - a scroll of teleportation
 n - a scroll of enchant armour {unknown}
 p - a scroll of random uselessness {unknown}
Comestibles
 f - 4 bread rations
 q - a meat ration
 r - 3 beef jerkies


   Skills:
 + Level 3.4 Fighting
 + Level 10.1 Axes
 - Level 2.0 Throwing
 + Level 1.6 Armour
 - Level 3.2 Dodging


You had 6 spell levels left.
You didn't know any spells.

Dungeon Overview and Level Annotations

Branches:
Dungeon (5/15)
 Temple: D:4-7

Altars:
Dithmenos
Makhleb
Ru
Trog
Zin

Shops:
D:4 *[(}[

Annotations:
D:5 Yarinad's ghost, amateur DrFi


Innate Abilities, Weirdness & Mutations

You reflexively headbutt those who attack you in melee.
You have a pair of horns on your head.


Message History

Yarinad's ghost hits you!
You closely miss Yarinad's ghost.
Yarinad's ghost is lightly damaged.
Yarinad's ghost hits you.
You hit Yarinad's ghost.
Yarinad's ghost is lightly damaged.
Yarinad's ghost hits you!
You hit Yarinad's ghost.
Yarinad's ghost is moderately damaged.
Yarinad's ghost barely misses you.
You closely miss Yarinad's ghost.
Yarinad's ghost is moderately damaged.
Yarinad's ghost hits you!!
* * * LOW HITPOINT WARNING * * *
You are too injured to fight recklessly!
You are too injured to fight recklessly!
You are too injured to fight recklessly!
You are too injured to fight recklessly!
It was a potion of curing.
You feel better. Yarinad's ghost hits you!
You die...

###...###[...#.
##.##...##..##..
#...#...#####...
##.......####...#
##.........##...##
#.!........#...##
##.............####
#.$...........####.
#W@..........###...
.................## #...
..###.)..........####...
#...............#...
#.........#.........
#.......####........
##....### #........
###### #..###... ##.#
####


You could see Yarinad's ghost.

Vanquished Creatures
  Grinder (D:4)
  Menkaure (D:4)
  The ghost of Elsvaer the Magician, an amateur DEWz (D:3)
  A crimson imp (D:5)
  A hound (D:3)
  2 orc priests (D:4)
  2 orc wizards (D:4)
  Ijyb (D:2)
  An iguana (D:3)
  5 adders
  An ooze (D:2)
  A worm (D:4)
  A dart slug (D:1)
  3 leopard geckos (D:2)
  6 orcs (D:4)
  3 giant cockroaches
  15 goblins
  13 hobgoblins
  9 jackals
  2 quokkas
  7 bats
  2 frilled lizards
  10 kobolds
  A leopard gecko skeleton (D:4)
  6 rats
96 creatures vanquished.

Notes
Turn   | Place    | Note
-------+----------+-------------------------------------------
     0 | D:1      | KarvaRausku the Minotaur Gladiator began the quest for the Orb.
     0 | D:1      | Reached XP level 1. HP: 18/18 MP: 0/0
    38 | D:1      | Reached skill level 4 in Axes
   191 | D:1      | Reached XP level 2. HP: 25/25 MP: 1/1
   656 | D:2      | Reached XP level 3. HP: 29/30 MP: 2/2
   683 | D:2      | Reached skill level 5 in Axes
   994 | D:2      | Noticed Ijyb
  1001 | D:2      | Killed Ijyb
  1001 | D:2      | Reached skill level 6 in Axes
  1001 | D:2      | Reached XP level 4. HP: 22/37 MP: 3/3
  1433 | D:3      | Noticed Elsvaer's ghost (amateur DEWz)
  1440 | D:3      | Killed Elsvaer's ghost
  1440 | D:3      | Reached skill level 7 in Axes
  1440 | D:3      | Reached XP level 5. HP: 33/42 MP: 4/4
  1595 | D:3      | Reached skill level 8 in Axes
  1662 | D:3      | Reached XP level 6. HP: 50/50 MP: 5/5
  1765 | D:3      | Found a faded altar of an unknown god.
  2103 | D:4      | Noticed Menkaure
  2108 | D:4      | Killed Menkaure
  2343 | D:4      | Found Tiewnomn's General Store.
  2361 | D:4      | Noticed Grinder
  2365 | D:4      | Found Fiuwameub's Antique Armour Emporium.
  2375 | D:4      | Paralysed by Grinder for 2 turns
  2384 | D:4      | Paralysed by Grinder for 4 turns
  2408 | D:4      | Paralysed by Grinder for 2 turns
  2415 | D:4      | Paralysed by Grinder for 7 turns
  2423 | D:4      | Killed Grinder
  2423 | D:4      | Reached skill level 9 in Axes
  2423 | D:4      | Reached XP level 7. HP: 9/56 MP: 6/6
  2641 | D:4      | Found Neucaew's Weapon Shoppe.
  2662 | D:4      | Found Omack's Armour Shoppe.
  2678 | D:4      | Found Bugget's Gadget Shop.
  2829 | D:4      | Reached skill level 10 in Axes
  2829 | D:4      | Reached skill level 1 in Armour
  3076 | D:4      | Found a sacrificial altar of Ru.
  3149 | D:5      | Entered Level 5 of the Dungeon
  3197 | D:5      | Found a glowing silver altar of Zin.
  3197 | D:5      | Found a burning altar of Makhleb.
  3197 | D:5      | Found a bloodstained altar of Trog.
  3197 | D:5      | Found a shadowy altar of Dithmenos.
  3208 | D:5      | Noticed Yarinad's ghost (amateur DrFi)
  3219 | D:5      | Slain by Yarinad's ghost

Skill      XL: |  1  2  3  4  5  6  7 |
---------------+----------------------+-----
Axes           | 4 6 7 8 9 10 | 10.1
Fighting       | 3 |  3.4
Armour         | 1 |  1.6
Throwing       | |  2.0
Dodging        | |  3.2

Action                   |  1- 3 |  4- 6 |  7- 9 || total
-------------------------+-------+-------+-------++-------
Melee: War axe           |    74 |    96 |    56 ||   226
       Headbutt          |     9 |    13 |    11 ||    33
Throw: Throwing net      |       |     3 |       ||     3
  Use: Potion            |       |     4 |     1 ||     5
       Scroll            |       |     1 |       ||     1
  Eat: Chunk             |       |     4 |     3 ||     7
Armor: Leather armour    |    17 |     8 |       ||    25
       Scale mail        |       |    21 |     7 ||    28
       Skin              |       |    13 |       ||    13
Dodge: Dodged            |    64 |    60 |    17 ||   141
